 Dungeon Crawl Stone Soup version 0.30.1-11-g7821555f0a (webtiles) character file.

Game seed: 1407405286199589832

38 SacredBeard the Vexing (level 3, -1/20 HPs)
             Began as a Deep Elf Hexslinger on Oct 31, 2023.
             Killed from afar by an orc wizard (6 damage)
             ... with a magic dart
             ... on level 1 of the Dungeon.
             The game lasted 00:02:55 (819 turns).

SacredBeard the Vexing (Deep Elf Hexslinger)         Turns: 819, Time: 00:02:57

Health: -1/20      AC:  4    Str:  7    XL:     3   Next: 25%
Magic:  8/8        EV: 13    Int: 17    God:
Gold:   52         SH:  0    Dex: 17    Spells: 2/6 levels left

rFire   . . .        h - +1 dagger (elec)
rCold   . . .        (no shield)
rNeg    . . .        c - +0 robe
rPois   .            (no helmet)
rElec   .            d - +0 cloak
rCorr   .            g - +0 pair of gloves
SInv    .            (no boots)
Will    .....        (no amulet)
Stlth   ++           (no ring)
HPRegen 0.23/turn    (no ring)
MPRegen 0.11/turn

%: no passive effects
@: no status effects
A: no striking features
a: no special abilities


You were on level 1 of the Dungeon.
You visited 1 branch of the dungeon, and saw 2 of its levels.

You collected 52 gold pieces.

Inventory:

Hand Weapons
 a - a +1 sling
 h - a +1 dagger of electrocution (weapon)
 j - a +2 whip of holy wrath
Armour
 c - a +0 robe (worn)
 d - a +0 cloak (worn)
 g - a +0 pair of gloves (worn)
Scrolls
 b - a scroll of poison
 i - a scroll of brand weapon {unknown}
Potions
 k - a potion of lignification {unknown}
 l - a potion of might {unknown}


   Skills:
 - Level 1.0 Fighting
 * Level 3.7 Ranged Weapons
 + Level 0.7 Armour
 + Level 2.8 Dodging
 + Level 2.0 Spellcasting
 + Level 4.3 Hexes


You had 2 spell levels left.
You knew the following spells:

 Your Spells              Type           Power      Damage    Failure   Level
a - Slow                  Hex            64%        N/A       3%          1
b - Inner Flame           Hex/Fire       9%         N/A       24%         3

Your spell library contained the following spells:

 Spells                   Type           Power      Damage    Failure   Level
 Portal Projectile        Hex/Tloc       18%        N/A       24%         3
 Cause Fear               Hex            8%         N/A       32%         4


Dungeon Overview and Level Annotations

Branches:
Dungeon (2/15) Zot: 11160

Altars:


Message History

You climb upwards.
There is a stone staircase leading down here.
You hit the orc but do no damage. Lightning courses through the orc!!
You kill the orc!
No target in view!
No target in view!
You climb downwards.
The orc hits you with a +0 club. The orc wizard barely misses you.
The orc misses you.
The orc wizard hits you but does no damage.
There is a stone staircase leading up here.
The orc barely misses you.
The orc wizard gestures wildly while chanting.
The orc wizard flickers and vanishes!
Deactivating autopickup; reactivate with Ctrl-A.
You climb upwards.
Reactivating autopickup.
There is a stone staircase leading down here.
You hit the orc.
The orc is moderately wounded.
The orc hits you with a +0 club. Something hits you.
Deactivating autopickup; reactivate with Ctrl-A.
You closely miss the orc.
The orc is moderately wounded.
The orc closely misses you.
You hear some strange, mumbled words.
A magic dart appears from out of thin air!
The magic dart hits you!
Ouch! That really hurt!
* * * LOW HITPOINT WARNING * * *
You hit the orc.
The orc is almost dead.
The orc hits you but does no damage. Something hits you but does no damage.
You barely miss the orc.
The orc is almost dead.
The orc hits you with a +0 club.
* * * LOW HITPOINT WARNING * * *
You hear some strange, mumbled words.
A magic dart appears from out of thin air!
The magic dart hits you.
You die...

.....# ##.##.....# #.##.....
.....# #.##.#######........
.....# #...................
#.#### ###.######..#.......
#..8############...# #.##....#..
#..............#.#.####.##......#
#..8##...#####.#........##.......
#.###.....# #.#o#......#####....
#.# ##.<.## #.#@{......### #....
#.###.....# #.####.......# #....
#..8##...#####.# #.......# #....
#..............# #.......# #....
#..8############ #.....### #....
##### #.....# #.... #.....# #....
####### #.... #####


You could see an orc.

Vanquished Creatures
  2 orcs (D:1)
  2 endoplasms (D:1)
  3 giant cockroaches
  3 goblins
  3 hobgoblins (D:1)
  6 jackals
  3 kobolds (D:1)
  2 quokkas (D:1)
  2 ball pythons (D:1)
  A bat (D:1)
  3 rats (D:1)
30 creatures vanquished.

Notes
Turn   | Place    | Note
-------+----------+-------------------------------------------
     0 | D:1      | SacredBeard the Deep Elf Hexslinger began the quest for the
                  | Orb.
     0 | D:1      | Reached XP level 1. HP: 11/11 MP: 5/5
   126 | D:1      | Reached XP level 2. HP: 16/16 MP: 6/6
   234 | D:1      | Reached skill level 1 in Fighting
   499 | D:1      | Reached XP level 3. HP: 20/20 MP: 6/8
   787 | D:1      | Learned a level 3 spell: Inner Flame
   819 | D:1      | Killed from afar by an orc wizard

Illustrated notes

Levels and vault maps discovered:
D:1:      psy_arrival_basics, layout_basic
D:2:      minmay_roachtagon, layout_rooms, st_stairs_12,
          kennysheep_generic_room_9

Skill      XL: |  1  2 |
---------------+-------+-----
Ranged Weapons | 3 |  3.7
Fighting       | 1 |  1.0
Spellcasting   | 2 |  2.0
Armour         | |  0.7
Dodging        | |  2.8
Hexes          | |  4.3

Action                     || total
---------------------------++-------
  Melee: Dagger            ||    10
   Fire: Sling             ||    70
   Cast: Slow              ||     2
 Armour: Robe              ||    15
  Dodge: Dodged            ||    25
